General information
			
			
        
        - name: BNet
 
        - type: Ladder team game (AT/RT)
 
        - host: Battle.net
 
        - saver: iggy_the_fisk
 
        
map: Mur'gulOasis 
        - players: 8
 
        - length: 17:05
 
        - speed: Fast
 - version: 1.22 W3XP
 - replay type:  

 
» download(149 KB)
Players
        team 1 (loser) 
              
              
bball41092 (
orange | 47 APM | 792 actions | 16:54)
              
 4 Priestess of the Moon 
 2 Searing Arrows
 2 Trueshot Aura
 
                » actions 
                
                | Assign group hotkey | 4 |  | 
| Basic commands | 68 |  | 
| Build / train | 35 |  | 
| Enter build submenu | 13 |  | 
| Enter hero's abilities submenu | 4 |  | 
| Right click | 325 |  | 
| Select / deselect | 300 |  | 
| Select group hotkey | 8 |  | 
| Use ability | 35 |  | 
                792 total
 » units 
                
                | Wisp | 8 |  | 
| Huntress | 14 |  | 
| Glaive Thrower | 4 |  | 
                26 total
 » upgrades
                
                | Strength of the Moon | 1 |  | 
| Moon Armor | 1 |  | 
                2 total
 » buildings
                
                | Hunter's Hall | 1 |  | 
| Ancient of War | 2 |  | 
| Moon Well | 5 |  | 
| Altar of Elders | 1 |  | 
| Ancient Protector | 3 |  | 
| Tree of Ages | 1 |  | 
                13 total
 » build order
                00:10 Hunter's Hall
00:52 Ancient of War
01:37 Moon Well
02:48 Altar of Elders
03:27 Moon Well
04:00 Moon Well
05:04 Moon Well
05:08 Ancient of War
06:00 Ancient Protector
07:10 Ancient Protector
07:35 Moon Well
09:33 Ancient Protector
12:57 Tree of Ages
» items
                 
               
              
              
Dota_Legend (
purple | 72 APM | 1230 actions | 17:03)
              
 3 Death Knight 
 2 Death Coil
 1 Unholy Aura
 3 Lich 
 2 Frost Nova
 1 Frost Armor
 1 Crypt Lord 
 1 Impale
 
                » actions 
                
                | Assign group hotkey | 24 |  | 
| Build / train | 46 |  | 
| Enter build submenu | 14 |  | 
| Enter hero's abilities submenu | 7 |  | 
| Give item / drop item | 2 |  | 
| Right click | 599 |  | 
| Select / deselect | 189 |  | 
| Select group hotkey | 283 |  | 
| Use ability | 66 |  | 
                1230 total
 » units 
                
                | Acolyte | 2 |  | 
| Ghoul | 3 |  | 
| Crypt Fiend | 14 |  | 
| Frost Wyrm | 2 |  | 
                21 total
 » upgrades
                
                | Web | 1 |  | 
| Burrow | 1 |  | 
| Creature Attack | 2 |  | 
                4 total
 » buildings
                
                | Graveyard | 1 |  | 
| Crypt | 1 |  | 
| Ziggurat | 6 |  | 
| Altar of Darkness | 1 |  | 
| Tomb of Relics | 1 |  | 
| Nerubian Tower | 1 |  | 
| Halls of the Dead | 2 |  | 
| Black Citadel | 2 |  | 
| Sacrificial Pit | 1 |  | 
| Boneyard | 1 |  | 
| Spirit Tower | 2 |  | 
                19 total
 » build order
                00:09 Graveyard
00:19 Crypt
00:33 Ziggurat
00:51 Altar of Darkness
01:11 Tomb of Relics
01:58 Ziggurat
02:27 Nerubian Tower
04:21 Halls of the Dead
05:49 Ziggurat
06:47 Black Citadel
07:00 Ziggurat
08:17 Ziggurat
08:20 Sacrificial Pit
10:06 Boneyard
10:08 Spirit Tower
14:37 Ziggurat
» items
                
                | Rod of Necromancy | 2 |  | 
| Scroll of Town Portal | 1 |  | 
| Potion of Healing | 1 |  | 
                4 total
  
               
              
              
free[win] (
blue | 59 APM | 994 actions | 16:56)
              
 2 Death Knight 
 1 Death Coil
 1 Unholy Aura
 
                » actions 
                
                | Assign group hotkey | 6 |  | 
| Basic commands | 1 |  | 
| Build / train | 30 |  | 
| Enter build submenu | 8 |  | 
| Enter hero's abilities submenu | 2 |  | 
| Right click | 788 |  | 
| Select / deselect | 119 |  | 
| Select group hotkey | 8 |  | 
| Use ability | 32 |  | 
                994 total
 » units 
                
                | Acolyte | 6 |  | 
| Ghoul | 2 |  | 
| Crypt Fiend | 5 |  | 
                13 total
 » buildings
                
                | Graveyard | 1 |  | 
| Crypt | 1 |  | 
| Altar of Darkness | 1 |  | 
| Ziggurat | 3 |  | 
| Tomb of Relics | 1 |  | 
| Nerubian Tower | 2 |  | 
| Spirit Tower | 6 |  | 
                15 total
 » build order
                00:16 Graveyard
00:20 Crypt
00:41 Altar of Darkness
00:50 Ziggurat
01:10 Tomb of Relics
01:44 Ziggurat
02:32 Nerubian Tower
02:32 Nerubian Tower
02:49 Spirit Tower
02:50 Spirit Tower
02:50 Spirit Tower
03:48 Ziggurat
04:49 Spirit Tower
04:49 Spirit Tower
» items
                
                | Rod of Necromancy | 2 |  | 
| Potion of Mana | 1 |  | 
                3 total
  
               
              
              
islanDHawk12000 (
yellow | 15 APM | 253 actions | 16:47)
              
 1 Keeper of the Grove 
 1 Force of Nature
 
                » actions 
                
                | Build / train | 14 |  | 
| Enter build submenu | 7 |  | 
| Enter hero's abilities submenu | 1 |  | 
| Remove unit from queue | 1 |  | 
| Right click | 87 |  | 
| Select / deselect | 134 |  | 
| Use ability | 9 |  | 
                253 total
 » units 
                » buildings
                
                | Hunter's Hall | 1 |  | 
| Ancient of War | 1 |  | 
| Moon Well | 1 |  | 
| Altar of Elders | 1 |  | 
                4 total
 » build order
                00:11 Hunter's Hall
00:33 Ancient of War
01:43 Moon Well
02:06 Altar of Elders
 
               team 2 (winner) 
              
              
BEAR_AND (
green | 109 APM | 1863 actions | 17:04)
              
 3 Beastmaster 
 2 Summon Quilbeast
 1 Summon Hawk
 
                » actions 
                
                | Assign group hotkey | 32 |  | 
| Basic commands | 1 |  | 
| Build / train | 59 |  | 
| Enter build submenu | 40 |  | 
| Enter hero's abilities submenu | 5 |  | 
| Remove unit from queue | 4 |  | 
| Right click | 1110 |  | 
| Select / deselect | 261 |  | 
| Select group hotkey | 274 |  | 
| Use ability | 77 |  | 
                1863 total
 » units 
                » upgrades
                
                | Defend | 1 |  | 
| Masonry | 1 |  | 
| Animal War Training | 1 |  | 
| Swords | 1 |  | 
                4 total
 » buildings
                
                | Barracks | 2 |  | 
| Farm | 8 |  | 
| Altar of Kings | 1 |  | 
| Lumber Mill | 1 |  | 
| Arcane Vault | 1 |  | 
| Scout Tower | 17 |  | 
| Guard Tower | 11 |  | 
| Arcane Tower | 3 |  | 
| Keep | 1 |  | 
| Blacksmith | 1 |  | 
| Castle | 1 |  | 
| Arcane Sanctum | 1 |  | 
                48 total
 » build order
                00:12 Barracks
00:31 Farm
00:51 Farm
01:04 Altar of Kings
01:45 Lumber Mill
01:49 Farm
02:44 Arcane Vault
03:16 Scout Tower
03:17 Scout Tower
03:17 Scout Tower
03:48 Guard Tower
03:48 Guard Tower
03:50 Arcane Tower
04:48 Scout Tower
04:48 Scout Tower
05:17 Arcane Tower
05:17 Guard Tower
05:19 Scout Tower
05:19 Scout Tower
05:56 Guard Tower
05:57 Scout Tower
05:58 Scout Tower
06:13 Farm
06:14 Scout Tower
06:27 Guard Tower
07:08 Guard Tower
07:19 Scout Tower
07:20 Scout Tower
07:34 Scout Tower
07:36 Scout Tower
07:43 Farm
08:04 Guard Tower
08:10 Arcane Tower
08:34 Guard Tower
08:36 Scout Tower
08:37 Scout Tower
09:37 Keep
10:54 Guard Tower
10:55 Guard Tower
10:57 Scout Tower
11:17 Blacksmith
11:46 Guard Tower
12:15 Barracks
12:17 Farm
12:53 Castle
13:19 Arcane Sanctum
15:57 Farm
15:58 Farm
» items
                
                | Scroll of Regeneration | 2 |  | 
| Lesser Clarity Potion | 5 |  | 
| Scroll of Town Portal | 1 |  | 
                8 total
  
               
              
              
Iceberg-Slim (
pink | 98 APM | 1672 actions | 17:04)
              
 2 Beastmaster 
 1 Summon Quilbeast
 1 Summon Hawk
 2 Firelord 
 1 Summon Lava Spawn
 1 Soul Burn
 
                » actions 
                
                | Assign group hotkey | 27 |  | 
| Basic commands | 173 |  | 
| Build / train | 50 |  | 
| ESC pressed | 1 |  | 
| Enter build submenu | 17 |  | 
| Enter hero's abilities submenu | 4 |  | 
| Right click | 729 |  | 
| Select / deselect | 296 |  | 
| Select group hotkey | 324 |  | 
| Use ability | 51 |  | 
                1672 total
 » units 
                
                | Wisp | 20 |  | 
| Archer | 6 |  | 
| Dryad | 4 |  | 
| Druid of the Claw | 4 |  | 
                34 total
 » upgrades
                
                | Improved Bows | 1 |  | 
| Abolish Magic | 1 |  | 
| Druid of the Claw Training | 2 |  | 
| Well Spring | 1 |  | 
| Mark of the Claw | 1 |  | 
| Reinforced Hides | 1 |  | 
| Nature's Blessing | 1 |  | 
                8 total
 » buildings
                
                | Altar of Elders | 2 |  | 
| Moon Well | 8 |  | 
| Ancient of War | 1 |  | 
| Tree of Ages | 1 |  | 
| Hunter's Hall | 1 |  | 
| Ancient of Lore | 3 |  | 
| Tree of Eternity | 1 |  | 
| Ancient of Wonders | 1 |  | 
                18 total
 » build order
                00:05 Altar of Elders
00:18 Moon Well
01:01 Ancient of War
01:43 Moon Well
02:57 Tree of Ages
04:56 Hunter's Hall
05:01 Moon Well
07:16 Ancient of Lore
07:20 Ancient of Lore
08:18 Tree of Eternity
08:43 Moon Well
08:49 Moon Well
09:36 Moon Well
10:27 Moon Well
15:36 Altar of Elders
16:05 Ancient of Wonders
16:19 Ancient of Lore
16:52 Moon Well
 
               
              
              
iggy_the_fisk (
red | 96 APM | 1645 actions | 17:05)
              
 4 Mountain King 
 2 Storm Bolt
 2 Bash
 1 Paladin 
 1 Holy Light
 
                » actions 
                
                | Assign group hotkey | 168 |  | 
| Basic commands | 43 |  | 
| Build / train | 61 |  | 
| Enter build submenu | 25 |  | 
| Enter hero's abilities submenu | 5 |  | 
| Right click | 827 |  | 
| Select / deselect | 250 |  | 
| Select group hotkey | 176 |  | 
| Use ability | 90 |  | 
                1645 total
 » units 
                » upgrades
                
                | Masonry | 1 |  | 
| Defend | 1 |  | 
| Lumber Harvesting | 1 |  | 
                3 total
 » buildings
                
                | Altar of Kings | 1 |  | 
| Barracks | 1 |  | 
| Farm | 4 |  | 
| Lumber Mill | 1 |  | 
| Scout Tower | 13 |  | 
| Guard Tower | 8 |  | 
| Town Hall | 1 |  | 
| Arcane Vault | 2 |  | 
| Keep | 1 |  | 
| Arcane Tower | 1 |  | 
                33 total
 » build order
                00:03 Altar of Kings
00:18 Barracks
00:27 Farm
00:49 Farm
01:36 Farm
02:01 Lumber Mill
02:52 Farm
03:02 Scout Tower
03:18 Guard Tower
03:22 Scout Tower
03:40 Guard Tower
03:58 Scout Tower
04:09 Scout Tower
04:26 Scout Tower
04:27 Guard Tower
04:38 Scout Tower
04:38 Guard Tower
04:56 Guard Tower
04:58 Scout Tower
04:59 Scout Tower
05:19 Guard Tower
05:20 Guard Tower
05:48 Town Hall
06:05 Arcane Vault
08:03 Keep
08:33 Scout Tower
08:34 Scout Tower
09:01 Guard Tower
09:03 Arcane Tower
11:22 Scout Tower
11:23 Scout Tower
13:10 Scout Tower
16:43 Arcane Vault
» items
                
                | Scroll of Regeneration | 3 |  | 
| Lesser Clarity Potion | 3 |  | 
| Scroll of Town Portal | 1 |  | 
| Potion of Healing | 3 |  | 
| Potion of Mana | 1 |  | 
                11 total
  
               
              
              
» 
TIMG4STRok (
teal | 123 APM | 2097 actions | 17:04)
              
 4 Dreadlord 
 2 Sleep
 2 Vampiric Aura
 
                » actions 
                
                | Assign group hotkey | 20 |  | 
| Basic commands | 40 |  | 
| Build / train | 50 |  | 
| ESC pressed | 3 |  | 
| Enter build submenu | 27 |  | 
| Enter hero's abilities submenu | 4 |  | 
| Give item / drop item | 1 |  | 
| Right click | 870 |  | 
| Select / deselect | 255 |  | 
| Select group hotkey | 767 |  | 
| Use ability | 60 |  | 
                2097 total
 » units 
                » upgrades
                
                | Creature Attack | 3 |  | 
| Creature Carapace | 2 |  | 
| Stone Form | 1 |  | 
                6 total
 » buildings
                
                | Crypt | 7 |  | 
| Altar of Darkness | 1 |  | 
| Ziggurat | 11 |  | 
| Necropolis | 1 |  | 
| Graveyard | 2 |  | 
| Spirit Tower | 3 |  | 
| Halls of the Dead | 1 |  | 
| Black Citadel | 1 |  | 
| Tomb of Relics | 1 |  | 
                28 total
 » build order
                00:08 Crypt
00:22 Altar of Darkness
00:32 Ziggurat
01:11 Necropolis
01:25 Ziggurat
02:21 Graveyard
02:23 Ziggurat
02:54 Ziggurat
02:56 Ziggurat
03:03 Ziggurat
04:08 Spirit Tower
04:31 Spirit Tower
04:33 Spirit Tower
05:13 Halls of the Dead
06:28 Ziggurat
06:30 Ziggurat
06:38 Ziggurat
07:50 Crypt
07:55 Crypt
10:35 Graveyard
10:36 Crypt
10:38 Crypt
10:41 Crypt
10:43 Crypt
11:34 Black Citadel
12:07 Tomb of Relics
13:29 Ziggurat
13:30 Ziggurat
» items
                
                | Scroll of Town Portal | 2 |  | 
| Potion of Healing | 2 |  | 
| Rod of Necromancy | 1 |  | 
| Sacrificial Skull | 1 |  | 
| Dust of Appearance | 1 |  | 
                7 total
  
                Chat log
          
(06:11 / All) iggy_the_fisk: wowie wow
(06:13 / All) iggy_the_fisk: islandhawk
(06:19 / Allies) iggy_the_fisk: we trush you yesterday?
(06:28 / All) islanDHawk12000: ?
(06:31 / All) BEAR_AND: u got trush
(06:34 / All) iggy_the_fisk: we trush you ysterday
(06:35 / All) BEAR_AND: a yeast infection
(06:36 / All) iggy_the_fisk: still lose?
(06:43 / All) islanDHawk12000: did u realy
(06:59 / All) islanDHawk12000: oh yeah. . .  i remember that gay strat
(07:14 / All) iggy_the_fisk: think u can beat it next time noobertoos?
(07:49 / All) iggy_the_fisk: that's called a surround noob purp
(07:51 / All) iggy_the_fisk: damn u suckz
(08:04 / All) Dota_Legend: i can surroudn too
(08:06 / All) Dota_Legend: but not with a dk
(08:08 / All) Dota_Legend: so stfu
(08:14 / All) iggy_the_fisk: you a lil noobert?
(08:18 / All) iggy_the_fisk: sound like it
(08:28 / All) iggy_the_fisk: quit this game
(09:45 / All) iggy_the_fisk: WOW purp
(09:46 / All) iggy_the_fisk: WOW
(10:53 / All) bball41092: hey green
(10:55 / All) bball41092: ur hero dead
(10:57 / All) bball41092: wanan know y
(11:01 / All) bball41092: I TRAPPED HIS ASS
(11:03 / All) BEAR_AND: 15 hjunts
(11:04 / All) BEAR_AND: yep
(11:07 / All) iggy_the_fisk: and then we win the game
(11:09 / All) iggy_the_fisk: how you like that
(11:12 / All) islanDHawk12000: great to know u counted
(11:23 / All) bball41092: or that u can count
(13:05 / All) iggy_the_fisk: you guys got this game
(13:07 / All) iggy_the_fisk: just keep at it
(13:47 / All) bball41092: pink
(13:51 / All) bball41092: got u to
(13:54 / All) iggy_the_fisk: damn orange
(13:56 / All) iggy_the_fisk: and you still lose?
(13:58 / All) iggy_the_fisk: how do you do it
(14:00 / All) iggy_the_fisk: i do not know
(15:24 / All) free[win]: thats how u surround ur self
(15:33 / All) iggy_the_fisk: WOWIE WOWIE
(15:43 / All) BEAR_AND: yeah orange
(15:45 / All) BEAR_AND: get those wisp out
(16:08 / All) BEAR_AND: now that
(16:09 / All) BEAR_AND: a surround
(16:11 / All) BEAR_AND: for the ages
(16:58 / All) iggy_the_fisk: wowa
(17:00 / All) iggy_the_fisk: you some kind of noobs?